 Dungeon Crawl Stone Soup version 0.28.0-45-g0d030f2227 (webtiles) character file.

Game seed: 13810720356727333431

433 zeratav the Insei (level 7, -4/45 HPs)
             Began as an Octopode Transmuter on Apr 9, 2022.
             Slain by Duvessa
             ... wielding a +0 rapier
              (9 damage)
             ... on level 4 of the Dungeon.
             The game lasted 00:05:32 (4829 turns).

zeratav the Insei (Octopode Transmuter)             Turns: 4829, Time: 00:05:33

Health: -4/45      AC:  2    Str: 11    XL:     7   Next: 0%
Magic:  8/10       EV: 21    Int: 15    God:
Gold:   142        SH:  5    Dex: 18    Spells: 6/10 levels left

rFire   . . .      SeeInvis .     - Unarmed
rCold   . . .      Faith    .   (shield currently unavailable)
rNeg    . . .      Spirit   .   (helmet currently unavailable)
rPois   x          Reflect  +   d - amulet of reflection
rElec   .          Harm     .   b - ring of willpower
rCorr   .          Rampage  .   (no ring)
Will    +....                   (no ring)
Stlth   +++.......              (no ring)
HPRegen 0.15/turn               (no ring)
MPRegen 0.12/turn               (no ring)
                                (no ring)
                                (no ring)

@: spider-form (expiring)
A: venomous fangs, almost no armour, (amphibious), 8 rings, tiny, (camouflage
1), (gelatinous body 1), (nimble swimmer 1), (tentacles)
a: End Transformation


You were on level 4 of the Dungeon.
You were a venomous arachnid creature.
You visited 1 branch of the dungeon, and saw 4 of its levels.

You collected 142 gold pieces.


Innate Abilities, Weirdness & Mutations

You are a venomous arachnid creature.
You have poisonous fangs.
You are tiny and dextrous.
Your spellcasting is less reliable in this form.
Your armour is entirely melded.
You are incapable of wielding weapons or throwing items.
You cannot wear most types of armour.
((You are amphibious.))
You can wear up to eight rings at the same time.
((Your skin changes colour to match your surroundings (Stealth+).))
((Your rubbery body absorbs attacks. (AC +1, EV +1)))
((You are camouflaged when in or above water. (Stealth+)))
((You have tentacles for arms and can constrict up to eight enemies at once.))


   Skills:
 + Level 2.9 Fighting
 + Level 3.4 Dodging
 + Level 3.9 Stealth
 + Level 2.0 Shields
 * Level 5.1 Unarmed Combat
 - Level 2.0 Spellcasting
 - Level 2.0 Transmutations


You had 6 spell levels left.
You knew the following spells:

 Your Spells              Type           Power      Damage    Failure   Level
a - Beastly Appendage     Tmut           14%        N/A       24%         1
b - Spider Form           Tmut/Pois      4%         N/A       63%         3

Your spell library contained the following spells:

 Spells                   Type           Power      Damage    Failure   Level
 Wereblood                Tmut           7%         N/A       32%         2
 Summon Small Mammal      Summ           4%         N/A       43%         1
 Call Canine Familiar     Summ           1%         N/A       75%         3
 Summon Guardian Golem    Hex/Summ       1%         N/A       75%         3
 Ice Form                 Ice/Tmut       4%         N/A       93%         4

Inventory:

Armour
 j - a +0 buckler (melded)
   (You found it on level 3 of the Dungeon)
Jewellery
 b - a ring of willpower (left front leg)
   (You found it on level 1 of the Dungeon)
 d - an amulet of reflection (around neck)
   (You found it on level 1 of the Dungeon)
Wands
 m - a wand of polymorph (7)
   (You found it on level 3 of the Dungeon)
Scrolls
 a - 3 scrolls of vulnerability {unknown}
 f - a scroll of brand weapon {unknown}
 g - 2 scrolls of enchant armour {unknown}
 h - 2 scrolls of acquirement {unknown}
 i - 3 scrolls of amnesia {unknown}
 l - a scroll of torment {unknown}
 n - a scroll of enchant weapon {unknown}
 o - a scroll of fear {unknown}
 q - a scroll of identify {unknown}
Potions
 c - 2 potions of cancellation {unknown}
 e - a potion of berserk rage {unknown}
 k - a potion of brilliance {unknown}
 p - 2 potions of haste {unknown}

Dungeon Overview and Level Annotations

Branches:
Dungeon (4/15)
 Temple: D:4-7

Altars:
Makhleb
Nemelex Xobeh
Qazlal
Xom

Annotations:
D:4 Dowan, Duvessa

#. #.# #. #.# ## #.#
###### ... ...... #.#
######
####.################
+...e..............).
#s#############...
#e........#####.).
#######.......#...
#.......#...
#.......#...
#.).....#...
#)#######... #)###
#.## #...# #.#.


You could see Duvessa (extremely poisoned) and Dowan (extremely poisoned).


Message History

You bite the gnoll!
The gnoll is poisoned.
You kill the gnoll!
The gnoll completely misses you.
Your Shields skill increases to level 2!
The gnoll barely misses you. You block the gnoll's attack.
Things that are here:
a +0 club {mace}; a gnoll corpse; HP[+1]
You hit the gnoll.
The gnoll is poisoned.
The gnoll misses you. The gnoll hits you with a +0 halberd!
HP[-12]
You take 12 damage, and now have 26/41 hp.
MASSIVE DAMAGE!! (PAUSE)
You completely miss the gnoll.
Your transformation is almost over.
The gnoll hits you from afar with a +0 halberd!
* * * LOW HITPOINT WARNING * * *
The gnoll barely misses you.
HP[-12]
You take 12 damage, and now have 14/41 hp.
MASSIVE DAMAGE!! (PAUSE)
You hit the gnoll. The gnoll barely misses you. The gnoll misses you.
Your magical contamination has completely faded away.
You hit the gnoll.
You kill the gnoll!
The gnoll closely misses you.
You hit the gnoll.
The gnoll is poisoned.
The gnoll closely misses you. The gnoll misses you.
You bite the gnoll!
You kill the gnoll!
The gnoll barely misses you. The gnoll barely misses you.
Things that are here:
a +0 club {mace}; a +0 halberd {polearm}; a gnoll corpse MP[+1]
You bite the gnoll!
The gnoll is poisoned.
The gnoll misses you.
You hit the gnoll. The gnoll closely misses you.
HP[+1]
You hit the gnoll.
You kill the gnoll!
You have reached level 7!
HP[+1]
You now have 45 max hp (+4).
Your transformation has ended.
You see here a +0 halberd {polearm}.
You start resting.
HP[+7] MP[+6]
You regained 7 hp, and now have 23/45 hp.
Your mp is fully restored (10).
You start resting.
You start resting.
HP[+22]
Your hp is fully restored (45).
You start putting on your armour.
You continue putting on your +0 buckler. x4
You finish putting on your +0 buckler.
Duvessa and Dowan come into view.
Dowan is wielding a +0 dagger and wearing a +2 robe of positive energy.
Duvessa says, "When magic and the sword combine, nothing stands against them."
Dowan shouts!
Casting: Spider Form (quite dangerous; 50% risk of failure)
Confirm with . or Enter, or press ? or * to list all spells.
Okay, then.
Casting: Spider Form (quite dangerous; 50% risk of failure)
Confirm with . or Enter, or press ? or * to list all spells.
The spell is quite dangerous to miscast (50% risk of failure)!
Continue anyway?
You turn into a venomous arachnid creature.
Your +0 buckler melds into your body.
MP[-3]
You lost 3 mp, and now have 7/10 mp.
Duvessa barely misses you.
You bite Duvessa!
Duvessa is poisoned.
Duvessa hits you with a +0 rapier.
HP[-6]
You take 6 damage, and now have 39/45 hp.
You hit Duvessa but do no damage.
Duvessa looks as sick as possible!
Your transformation is almost over.
Duvessa misses you.
You barely miss Duvessa. Duvessa hits you with a +0 rapier!
Dowan hits you with a +0 dagger.
HP[-15]
You take 15 damage, and now have 24/45 hp.
MASSIVE DAMAGE!! (PAUSE)
You hit Duvessa.
Duvessa looks as sick as possible!
Duvessa hits you with a +0 rapier!
* * * LOW HITPOINT WARNING * * *
Dowan hits you with a +0 dagger.
* * * LOW HITPOINT WARNING * * *
HP[-12]
You take 12 damage, and now have 12/45 hp.
MASSIVE DAMAGE!! (PAUSE)
You hit Duvessa but do no damage.
Duvessa looks as sick as possible!
Duvessa hits you with a +0 rapier!
* * * LOW HITPOINT WARNING * * *
Dowan completely misses you.
HP[-8]
You take 8 damage, and now have 4/45 hp.
You hit Dowan.
Dowan is poisoned.
Duvessa barely misses you.
MP[+1]
You bite Dowan!
Dowan looks as sick as possible!
Dowan barely misses you. Duvessa hits you with a +0 rapier!
You die...

Skill      XL: |  1  2  3  4  5  6 |
---------------+-------------------+-----
Stealth        | 1 2 3 |  3.9
Fighting       | 2 |  2.9
Unarmed Combat | 4 5 |  5.1
Shields        | 1 2 |  2.0
Dodging        | 3 |  3.4
Spellcasting   | |  2.0
Transmutations | |  2.0

Action                   |  1- 3 |  4- 6 |  7- 9 || total
-------------------------+-------+-------+-------++-------
Melee: Unarmed           |    75 |    83 |     7 ||   165
       Constrict         |    18 |    15 |       ||    33
       Kick              |    10 |    20 |       ||    30
       Punch             |     3 |     4 |       ||     7
       Tentacles         |    10 |    17 |       ||    27
 Cast: Beastly Appendage |    23 |    22 |       ||    45
       Spider Form       |       |     2 |     1 ||     3
 Stab: Sleeping          |     7 |     6 |       ||    13
       Distracted        |     1 |       |       ||     1
Armor: Skin              |     6 |     1 |       ||     7
Dodge: Dodged            |    45 |    49 |     5 ||    99
Block: Other             |     7 |    12 |       ||    19

Levels and vault maps discovered:
D:1:      eino_arrival_druids_welcome, layout_basic, basic_ecumenical_altar
D:2:      layout_loops_ring
D:3:      layout_loops_corners, minmay_curled_crystal
D:4:      layout_basic, grunt_temple_overflow_open, uniq_duvessa

Notes
Turn   | Place    | Note
-------+----------+-------------------------------------------
     0 | D:1      | zeratav the Octopode Transmuter began the quest for the
                  | Orb.
     0 | D:1      | Reached XP level 1. HP: 13/13 MP: 3/3
     0 | D:1      | magus.rc [v1.9.6]
    19 | D:1      | Found a faded altar of an unknown god.
   271 | D:1      | HP: 1/13 [ball python (3)]
   272 | D:1      | Reached XP level 2. HP: 2/18 MP: 3/5
   276 | D:1      | Reached skill level 1 in Stealth
  1233 | D:1      | Reached XP level 3. HP: 21/23 MP: 4/6
  2346 | D:3      | Reached skill level 2 in Stealth
  2372 | D:3      | Reached XP level 4. HP: 29/29 MP: 7/7
  2778 | D:3      | Reached skill level 2 in Fighting
  2991 | D:3      | Reached skill level 4 in Unarmed Combat
  3782 | D:4      | Reached XP level 5. HP: 24/34 MP: 8/8
  3951 | D:4      | Reached skill level 3 in Stealth
  3951 | D:4      | Reached skill level 1 in Shields
  4233 | D:4      | Found a sparkling altar of Nemelex Xobeh.
  4238 | D:4      | Reached skill level 3 in Dodging
  4261 | D:4      | Found a shimmering altar of Xom.
  4263 | D:4      | Found a burning altar of Makhleb.
  4263 | D:4      | Found a stormy altar of Qazlal.
  4270 | D:4      | Reached XP level 6. HP: 38/41 MP: 7/9
  4293 | D:4      | You pick up a book of Callings and begin reading...
  4293 | D:4      | You add the spells Summon Small Mammal, Call Canine
                  | Familiar and Summon Guardian Golem to your library.
  4393 | D:4      | Noticed a black bear
  4398 | D:4      | Learned a level 3 spell: Spider Form
  4406 | D:4      | Killed a black bear
  4407 | D:4      | Reached skill level 5 in Unarmed Combat
  4602 | D:4      | Reached skill level 2 in Shields
  4613 | D:4      | Reached XP level 7. HP: 16/45 MP: 4/10
  4817 | D:4      | Noticed Duvessa
  4817 | D:4      | Noticed Dowan
  4827 | D:4      | HP: 4/45 [Duvessa/+0 rapier (8)]
  4829 | D:4      | Slain by Duvessa

Vanquished Creatures
  A black bear (D:4)
  A phantom (D:4)
  A scorpion (D:4)
  A jelly (D:4)
  An iguana (D:4)
  7 gnolls
  A howler monkey skeleton (D:3)
  An adder (D:2)
  2 worms (D:3)
  2 dart slugs
  5 ball pythons
  6 endoplasms
  2 giant cockroaches
  7 goblins
  6 hobgoblins
  2 quokkas
  6 bats
  A frilled lizard (D:2)
  7 kobolds
  4 rats (D:3)
64 creatures vanquished.

Table legend:
 A = Non-vault XP
 B = Vault XP
 C = Vault XP percentage of total XP
 D = Non-vault monster count
 E = Vault monster count
 F = Vault count percentage of total count
                 A         B        C        D         E       F
            +---------+---------+-------+---------+---------+-------
      Total |     619 |       0 |   0.0 |      64 |       0 |   0.0
            +---------+---------+-------+---------+---------+-------
        D:1 |      34 |       0 |   0.0 |      19 |       0 |   0.0
        D:2 |      29 |       0 |   0.0 |      10 |       0 |   0.0
        D:3 |      87 |       0 |   0.0 |      19 |       0 |   0.0
        D:4 |     469 |       0 |   0.0 |      16 |       0 |   0.0
            +---------+---------+-------+---------+---------+-------

Illustrated notes

Table legend:
 A = Kills in this place as a percentage of kills in entire the game.
 B = Kills by you in this place as a percentage of kills by you in the entire game.
 C = Kills by friends in this place as a percentage of kills by friends in the entire game.
 D = Other kills in this place as a percentage of other kills in the entire game.
 E = Experience gained in this place as a percentage of experience gained in the entire game.
 F = Experience gained in this place divided by the number of levels of this place that you have seen.
                   A       B       C       D       E      F
               +-------+-------+-------+-------+-------+----------------------
         Total | 100.0 | 100.0 |   N/A |   N/A | 100.0 | 154.8
       Dungeon | 100.0 | 100.0 |   N/A |   N/A | 100.0 | 154.8
               +-------+-------+-------+-------+-------+----------------------

Table legend: (Time is in decaauts)
 A = Elapsed time spent in this place.
 B = Non-inter-level travel time spent in this place.
 C = Inter-level travel time spent in this place.
 D = Time resting spent in this place.
 E = Time spent auto-exploring this place.
 F = Levels seen in this place.
 G = Mean time per level.
                   A        B        C        D        E       F      G
               +--------+--------+--------+--------+--------+-----+--------+
         Total |   4816 |   4653 |    163 |    974 |   3162 |   4 | 1204.0 |
       Dungeon |   4816 |   4653 |    163 |    974 |   3162 |   4 | 1204.0 |
               +--------+--------+--------+--------+--------+-----+--------+

Top non-repeatable levels by time:
     D:3: 1448 daAuts
     D:1: 1367 daAuts
     D:4: 1062 daAuts
     D:2: 938 daAuts
